 Dungeon Crawl Stone Soup version 0.31.0-1-g2c135a0 (webtiles) character file.

Game seed: 15491203764010987241

114 edsrzf the Sneak (level 4, -3/29 HPs)
             Began as an Octopode Reaver on Jan 31, 2024.
             Was an Initiate of Cheibriados.
             Slain by an elf zombie (4 damage)
             ... in an ossuary on Feb 1, 2024.
             The game lasted 00:07:12 (2300 turns).

edsrzf the Sneak (Octopode Reaver)                  Turns: 2300, Time: 00:07:13

Health: -3/29      AC:  1    Str: 12    XL:     4   Next: 98%
Magic:  7/7        EV: 13    Int: 18    God:    Cheibriados [......]
Gold:   188        SH:  0    Dex: 11    Spells: 6/7 levels left

rFire   . . .        a - +1 falchion
rCold   . . .        (no shield)
rNeg    . . .        (helmet restricted)
rPois   .            g - amulet of magic regeneration
rElec   .            (no ring)
rCorr   .            (no ring)
SInv    .            (no ring)
Will    .....        (no ring)
Stlth   +++          (no ring)
HPRegen 0.24/turn    (no ring)
MPRegen 0.50/turn    (no ring)
                     (no ring)

%: no passive effects
@: very slow
A: almost no armour, amphibious, 8 rings, camouflage 1, gelatinous body 1,
(nimble swimmer 1), tentacles
a: Renounce Religion


You were in an ossuary.
You worshipped Cheibriados.
Cheibriados was noncommittal.
You visited 2 branches of the dungeon, and saw 5 of its levels.
You also visited: Ossuary.

You collected 188 gold pieces.

Inventory:

Hand Weapons
 a - a +1 falchion (weapon)
Missiles
 h - 3 stones (quivered)
Armour
 c - a +0 kite shield
Jewellery
 e - an amulet of guardian spirit
 g - an amulet of magic regeneration (around mantle)
Scrolls
 b - 2 scrolls of poison
Potions
 d - a potion of heal wounds {unknown}
 i - a potion of might {unknown}
 j - a potion of mutation {unknown}
 k - a potion of degeneration {unknown}
 l - a potion of invisibility {unknown}
 n - a potion of attraction {unknown}
 o - 2 potions of magic
 p - a potion of resistance {unknown}


   Skills:
 - Level 2.0 Fighting
 + Level 4.4 Long Blades
 - Level 2.0 Dodging
 + Level 4.4 Stealth
 - Level 2.0 Spellcasting
 - Level 3.0 Conjurations


You had 6 spell levels left.
You knew the following spells:

 Your Spells              Type           Power      Damage    Failure   Level
a - Kiss of Death         Conj/Necr      28%        2d7       10%         1

Your spell library contained the following spells:

 Spells                   Type           Power      Damage    Failure   Level
 Momentum Strike          Conj/Tloc      14%        3d8       14%         2
 Apportation              Tloc           2%         N/A       19%         1
 Jinxbite                 Hex            2%         N/A       26%         2
 Hailstorm                Conj/Ice       7%         3d5       28%         3
 Call Canine Familiar     Summ           1%         N/A       47%         3
 Sigil of Binding         Hex            1%         N/A       47%         3
 Dimensional Bullseye     Hex/Tloc       0%         N/A       87%         4
 Alistair's Intoxication  Alch           0%         N/A       99%         5


Dungeon Overview and Level Annotations

Branches:
Dungeon (4/15)             Temple (1/1) D:4         Ossuary (1/1)

Altars:
Ashenzari
Cheibriados
Dithmenos
Elyvilon
Fedhas
Hepliaklqana
Makhleb
Nemelex Xobeh
Okawaru
Qazlal
Ru
Sif Muna
Trog
Uskayaw
Vehumet
Wu Jian
Yredelemnul
Zin
The Shining One


Innate Abilities, Weirdness & Mutations

You cannot wear most types of armour.
You are amphibious.
You can wear up to eight rings at the same time.
Your skin changes colour to match your surroundings (Stealth+).
Your rubbery body absorbs attacks. (AC +1, EV +1)
((You are camouflaged when in or above water. (Stealth+)))
You have tentacles for arms and can constrict up to eight enemies at once.


Message History

The adder skeleton is almost destroyed.
You constrict the adder skeleton.
You destroy the adder skeleton!
Cheibriados appreciates the change of pace.
You open the door.
A hound skeleton comes into view.
You closely miss the hound skeleton. You grab the hound skeleton.
You constrict the hound skeleton. The hound skeleton closely misses you.
You slash the hound skeleton!
The hound skeleton is moderately damaged.
You constrict the hound skeleton. The hound skeleton bites you. x2
You hit the hound skeleton.
The hound skeleton is severely damaged.
You constrict the hound skeleton. The hound skeleton misses you.
You barely miss the hound skeleton. Your squeeze misses the hound skeleton.
The hound skeleton is severely damaged.
You constrict the hound skeleton. The hound skeleton closely misses you.
The hound skeleton barely misses you.
You hit the hound skeleton.
You destroy the hound skeleton!
Cheibriados thoroughly appreciates the change of pace.
There is an open door here.
You open the door.
Found a sand-covered staircase.
An adder zombie comes into view.
There is an open door here.
There is a sand-covered staircase here.
The helpless adder zombie fails to defend itself.
You hit the adder zombie. You grab the adder zombie.
The adder zombie is moderately damaged.
You constrict the adder zombie. The adder zombie bites you.
You hit the adder zombie.
The adder zombie is severely damaged.
You constrict the adder zombie. The adder zombie misses you.
You hit the adder zombie.
The adder zombie is almost destroyed.
You constrict the adder zombie.
You destroy the adder zombie!
Cheibriados appreciates the change of pace.
HP restored.
The world spins around you as you enter the gateway.
You enter an ossuary!
Found a gate leading back out of this place.
There is an empty arch of ancient stone here.
Press: ? - help, v - describe, . - travel
Here: an elf zombie (dormant)
The floor.
Unknown command.
You hit the orc zombie. You grab the orc zombie.
The orc zombie is moderately damaged.
You constrict the orc zombie. The human zombie barely misses you.
The orc zombie hits you.
You hit the jackal zombie. Your grab misses the jackal zombie.
You squeeze the jackal zombie.
The jackal zombie is severely damaged.
You constrict the orc zombie.
The jackal zombie bites you but does no damage.
You hit the jackal zombie.
You destroy the jackal zombie!
Cheibriados appreciates the change of pace.
You constrict the orc zombie. The orc zombie hits you.
The human zombie hits you.
You hit the human zombie. You grab the human zombie.
The human zombie is lightly damaged.
You constrict the orc zombie.
You destroy the orc zombie!
You constrict the human zombie. The human zombie hits you!
The jackal zombie misses you.
You closely miss the jackal zombie. Your grab misses the jackal zombie.
Your squeeze misses the jackal zombie. You constrict the human zombie.
The jackal zombie misses you. The human zombie hits you!
You hit the jackal zombie. You grab the jackal zombie.
You tentacle-slap the jackal zombie.
The jackal zombie is heavily damaged.
You constrict the human zombie. You constrict the jackal zombie.
The jackal zombie misses you. The elf zombie hits you.
* * * LOW HITPOINT WARNING * * *
The human zombie barely misses you.
The jackal zombie completely misses you.
You feel better.
You constrict the human zombie. You constrict the jackal zombie.
You destroy the jackal zombie!
Cheibriados appreciates the change of pace.
The elf zombie hits you!
* * * LOW HITPOINT WARNING * * *
The elf zombie barely misses you. The human zombie barely misses you.
You feel better.
You constrict the human zombie. The hound zombie misses you.
The rat zombie misses you. The elf zombie barely misses you.
The elf zombie hits you.
* * * LOW HITPOINT WARNING * * *
The human zombie misses you.
Unknown command.
Okay, then.
Okay, then.
It was a potion of magic.
Magic courses through your body.
You constrict the human zombie. The hound zombie misses you.
The rat zombie barely misses you. The hound zombie bites you.
* * * LOW HITPOINT WARNING * * *
The elf zombie hits you.
You die...

... .......
....#####.......
.................
.................
...............#
...............##
........ZZ.......
......Z.Z@Z......
........Z.Z......
.......∩.........
.......∩.........
...Z.............
............Z....
.................
...............##
...............#


You could see 2 rat zombies, a hound zombie, a gnoll zombie, a kobold zombie, 3
elf zombies and a human zombie.

Vanquished Creatures
  Terence (D:3)
  A hound skeleton (D:4)
  An adder (D:4)
  An adder zombie (D:4)
  An adder skeleton (D:4)
  2 dart slugs
  4 orcs
  5 ball pythons
  4 endoplasms
  5 giant cockroaches
  3 goblins
  4 hobgoblins (D:1)
  6 jackals
  A quokka (D:3)
  A bat (D:3)
  2 jackal zombies (Ossuary)
  4 kobolds
  An orc zombie (Ossuary)
  5 rats
52 creatures vanquished.

Notes
Turn   | Place    | Note
-------+----------+-------------------------------------------
     0 | D:1      | edsrzf the Octopode Reaver began the quest for the Orb.
     0 | D:1      | Reached XP level 1. HP: 14/14 MP: 3/3
   154 | D:1      | Reached skill level 1 in Stealth
   190 | D:1      | Reached XP level 2. HP: 19/19 MP: 5/5
   298 | D:1      | Reached skill level 2 in Stealth
   858 | D:2      | Found a hide-covered altar of Uskayaw.
   863 | D:2      | Reached XP level 3. HP: 22/24 MP: 6/6
  1110 | D:2      | You fall into a shaft and drop 1 floor!
  1276 | D:3      | Reached skill level 3 in Stealth
  1694 | D:3      | Noticed Terence
  1703 | D:3      | Killed Terence
  1704 | D:3      | Reached skill level 4 in Long Blades
  1704 | D:3      | Reached XP level 4. HP: 18/29 MP: 7/7
  1969 | D:4      | Noticed a yak
  1969 | D:4      | Noticed a yak
  1971 | D:4      | Noticed a yak
  1972 | D:4      | Noticed a yak
  1979 | D:4      | Noticed a yak
  1981 | D:4      | Identified 3 scrolls of poison
  1982 | D:4      | Identified a scroll of teleportation
  1985 | D:4      | Identified 3 potions of curing
  1986 | D:4      | Found a staircase to the Ecumenical Temple.
  2031 | D:4      | Identified a scroll of noise
  2032 | D:4      | Identified a scroll of enchant weapon
  2033 | D:4      | Identified a scroll of vulnerability
  2038 | Temple   | Entered the Ecumenical Temple
  2051 | Temple   | Became a worshipper of Cheibriados the Contemplative
  2081 | D:4      | Reached skill level 4 in Stealth
  2279 | D:4      | Found a sand-covered staircase.
  2289 | Ossuary  | Entered an ossuary
  2300 | Ossuary  | Identified 3 potions of magic
  2300 | Ossuary  | HP: 1/29 [hound zombie (3)]
  2300 | Ossuary  | Slain by an elf zombie

Illustrated notes

Levels and vault maps discovered:
D:1:      spicycebolla_arrival_xxxplode, layout_basic
D:2:      layout_rooms, basic_altar, kennysheep_minor_cross,
          uniq_crazy_yiuf_cottage
D:3:      layout_basic, kennysheep_generic_room_10, uniq_terence
D:4:      layout_loops_ring, minmay_temple_entry_arrows,
          mainiacjoe_ossuary_entry_find_the_door
Temple:   dpeg_three_leaves_temple
Ossuary:  ossuary_minmay_tomb_2a

Skill      XL: |  1  2  3  4 |
---------------+-------------+-----
Stealth        | 1 2 3 4 |  4.4
Long Blades    | 4 |  4.4
Fighting       | |  2.0
Dodging        | |  2.0
Spellcasting   | |  2.0
Conjurations   | |  3.0

Action                     |  1- 3 |  4- 6 || total
---------------------------+-------+-------++-------
  Melee: Falchion          |    83 |    29 ||   112
         Constrict         |    19 |    10 ||    29
         Tentacles         |     9 |     2 ||    11
         Punch             |     2 |     1 ||     3
  Throw: Stone             |       |     2 ||     2
    Use: Scroll            |       |     5 ||     5
         Potion            |       |     4 ||     4
   Stab: Sleeping          |    13 |     2 ||    15
 Armour: Skin              |    37 |    26 ||    63
  Dodge: Dodged            |    56 |    29 ||    85
